 Dungeon Crawl Stone Soup version 0.29.1-1-gd02db6906a (webtiles) character file.

Game seed: 6884337817438069628

37515 MisterFreud the Ripper (level 13, 0/91 HPs)
             Began as a Felid Berserker on Oct 7, 2022.
             Was a High Priest of Trog.
             Succumbed to a green ugly thing's poison
             ... on level 15 of the Dungeon.
             The game lasted 00:37:29 (32449 turns).

MisterFreud the Ripper (Felid Berserker)           Turns: 32449, Time: 00:37:29

Health: 0/91       AC:  7    Str: 13    XL:     13   Next: 58%
Magic:  14/14      EV: 31    Int: 11    God:    Trog [*****.]
Gold:   1393       SH:  5    Dex: 18    Spells: 12/12 levels left
                                        Lives:  0   Deaths: 4

rFire   . . .      SeeInvis +     - Unarmed
rCold   + . .      Faith    .   (shield unavailable)
rNeg    . . .      Spirit   .   (body armour unavailable)
rPois   .          Reflect  +   (helmet unavailable)
rElec   .          Harm     .   (cloak unavailable)
rCorr   .          Rampage  .   (gloves unavailable)
Will    +++..                   (boots unavailable)
Stlth   ..........              s - amulet of reflection
HPRegen 1.25/turn               g - ring of flight
MPRegen 0.14/turn               v - +4 ring of protection

@: berserking (expiring), lethally poisoned (0 -> -4), strong-willed, flying,
regenerating, very quick
A: very small, claws 1, fangs 3, see invisible, speed 1, shaggy fur 3, stealthy
paws, no weapons or thrown items, no armour, multi-lived
a: Renounce Religion, Berserk, Trog's Hand, Brothers in Arms


You were on level 15 of the Dungeon.
You worshipped Trog.
Trog was extremely pleased with you.
You visited 2 branches of the dungeon, and saw 20 of its levels.
You also visited: Ossuary.

You collected 1533 gold pieces.
You spent 140 gold pieces at shops.

Inventory:

Jewellery
 b - an amulet of magic regeneration
 g - a ring of flight (left paw)
 k - a ring of fire
 m - a ring of resist corrosion
 s - an amulet of reflection (around neck)
 v - a +4 ring of protection (right paw)
 w - a ring of ice
 z - a ring of ice
 F - a ring of poison resistance
 J - a ring of willpower
Wands
 p - a wand of paralysis (26)
 t - a wand of flame (21)
 x - a wand of mindburst (2)
 C - a wand of polymorph (9)
 D - a wand of acid (11)
 E - a wand of digging (10)
 H - a wand of iceblast (8)
Scrolls
 f - 5 scrolls of magic mapping
 i - 2 scrolls of fog
 u - 13 scrolls of identify
 G - 4 scrolls of teleportation
Potions
 a - 3 potions of brilliance
 c - 8 potions of curing
 d - 4 potions of lignification
 e - 6 potions of cancellation
 h - 4 potions of invisibility
 j - 3 potions of might
 l - 6 potions of haste
 n - 2 potions of attraction
 o - a potion of berserk rage
 q - 4 potions of mutation
 r - 3 potions of flight
 A - 2 potions of heal wounds
 B - 3 potions of magic
Miscellaneous
 y - a piece from Xom's chessboard (15/15)
 I - a condenser vane
 K - a tin of tremorstones (2/2)


   Skills:
 - Level 10.0 Fighting
 - Level 18.0 Dodging
 - Level 10.0 Stealth
 + Level 19.6 Unarmed Combat
 - Level 10.0 Evocations


You had 12 spell levels left.
You didn't know any spells.
Your spell library was empty.

Dungeon Overview and Level Annotations

Branches:
Dungeon (15/15)            Temple (0/1) D:7            Lair (5/5) D:8
 Shoals (0/4) Lair:3        Snake (0/4) Lair:2        Slime (0/5) Lair:4
    Orc (0/2) D:9          Vaults (0/5) D:13        Ossuary (visited)
 Depths: D:15

Altars:
Dithmenos
Okawaru
Yredelemnul

Shops:
D:3 (   D:8 ?   D:9 *(   D:13 **

Portals:
Abyss: D:8
Trove: D:12 (give 16 scrolls of teleportation)

Annotations:
D:3 Grinder
D:5 3 runed translucent doors, Badistic's ghost, novice DsNe; CoolPlay's ghost, novice MeEE; bworf's ghost, amateur MiHu; raistware's ghost, novice HuEE
D:8 2 transporters, mtoz's ghost, novice GrEE
D:15 Agnes
Lair:4 exclusion: oklob plant


Innate Abilities, Weirdness & Mutations

You have sharp claws.
You have razor-sharp teeth.
You have supernaturally acute eyesight. (SInv)
You cover ground quickly. (Speed+)
Your thick and shaggy fur keeps you warm. (AC +3, rC+)
Your paws help you pounce on unaware monsters.
You are incapable of wielding weapons or throwing items.
You cannot wear armour.
You gain extra lives every three experience levels.


Message History

There is an open door, spattered with blood here.
A red film seems to cover your vision as you go berserk!
You feel yourself moving faster!
You feel mighty!
Agnes the Wanderer comes into view.
She is wielding a +0 lajatang of speed.
The green ugly thing claws you!
* * * LOW HITPOINT WARNING * * *
You are lethally poisoned!
The green ugly thing poisons you!
Unknown command.
Unknown command.
Unknown command.
You mangle the green ugly thing!!
The green ugly thing is moderately wounded.
* * * LOW HITPOINT WARNING * * *
You feel very sick.
The glowing orange brain pulsates.
You claw the green ugly thing!
The green ugly thing is heavily wounded.
* * * LOW HITPOINT WARNING * * *
You feel sick.
You claw the green ugly thing! You bite the green ugly thing!
The green ugly thing is severely wounded.
* * * LOW HITPOINT WARNING * * *
You feel sick.
The green ugly thing claws you but does no damage.
You closely miss the green ugly thing.
The green ugly thing is severely wounded.
* * * LOW HITPOINT WARNING * * *
You feel sick.
The glowing orange brain pulsates.
Unknown command.
* * * LOW HITPOINT WARNING * * *
You feel sick.
You feel a strong urge to attack something.
* * * LOW HITPOINT WARNING * * *
You feel very sick.
* * * LOW HITPOINT WARNING * * *
You feel sick.
You feel your anger nearly subside.
You die...

.#.###.###.....#
#.###.......
...............#
#........###
.#.............#
#.####.#[#
....######....##
#.####.### ##.##
#.#†## #....###
##.## #.#.#
###########
#...# #.#.#
#........ ..#.#
#.#.####.##
#...#
###.#....@..#
### ##.###
#.....#.###.##
#.C##
.....###.#)#.#.#
#.u##.°i.###
##.#.##...<#.#.#
##.'uu○.G..#
#..#?#<.###.#.#
####R...#c.
##.###.......#.#
#..## #.##
##.######.# ###
##.###..# #.#
###########
....#.#.# #.#
#.........#


You could see 2 ugly things and an efreet (summoned).

Vanquished Creatures
  Jorgrun (D:14)
  A fire dragon (Lair:5)
  Harold (Lair:1)
  6 hydras
  A rakshasa (D:15)
  5 vault guards (D:13)
  An ogre mage (D:13)
  2 boulder beetles
  7 centaur warriors
  7 two-headed ogres
  6 death yaks
  A tengu warrior (D:12)
  Urug (Lair:1)
  Amaemon (D:10)
  7 skeletal warriors
  A deep elf archer (D:13)
  A deep elf pyromancer (D:15)
  2 wizards
  A lindwurm (Lair:5)
  12 ugly things
  A wolf spider (D:15)
  10 cyclopes
  7 manticores
  2 merfolk sirens (Lair:3)
  A gargoyle (D:11)
  2 molten gargoyles (Lair:5)
  10 black mambas
  An orange demon (D:10)
  9 cane toads
  2 kobold demonologists (D:11)
  3 unseen horrors (D:12)
  An efreet (D:15)
  Psyche (D:11)
  2 rime drakes
  2 ice devils (Lair:5)
  2 tengu conjurers
  16 komodo dragons
  2 polar bears
  2 merfolk (Lair:3)
  A troll (D:13)
  37 blink frogs
  3 hornets
  6 slime creatures
  7 wyverns
  A vampire (D:10)
  A human (D:13)
  50 yaks
  A wraith (D:12)
  7 vampire mosquitoes
  3 steam dragons
  7 basilisks
  Menkaure (D:5)
  3 hell hounds (Lair:5)
  17 water moccasins
  2 acid dragons
  A black bear (D:6)
  An ice beast (D:8)
  2 sky beasts
  A black bear (shapeshifter) (D:14)
  3 orc warriors
  3 ogres
  18 wolves
  16 centaurs
  5 kobold brigands
  A phantom (D:5)
  11 bullfrogs
  A wyvern zombie (D:7)
  2 elf skeletons (D:4)
  12 scorpions
  11 wights
  5 killer bees (D:9)
  8 howler monkeys
  5 centaur zombies
  5 lava snakes (Lair:5)
  6 orc priests
  4 hounds
  A bullfrog zombie (D:7)
  A human zombie (D:4)
  3 jellies
  6 hell rats (Lair:5)
  3 iguanas
  5 scorpion zombies (Ossuary)
  A human skeleton (D:4)
  7 orc wizards
  A killer bee zombie (D:7)
  3 mummies (Ossuary)
  2 howler monkey zombies (D:7)
  4 adders
  A shadow imp (D:6)
  An ufetubus (D:5)
  A worm (D:2)
  A dart slug (D:5)
  50 orcs
  11 endoplasms
  4 giant cockroaches
  3 gnoll zombies (Ossuary)
  5 goblins
  8 hobgoblins
  2 jackals (D:3)
  A quokka (D:1)
  7 ball pythons
  3 bats
  A frilled lizard (D:1)
  A goblin zombie (Ossuary)
  A hobgoblin zombie (Ossuary)
  23 kobolds
  A kobold zombie (Ossuary)
  2 orc skeletons (D:4)
  2 orc zombies (Ossuary)
  5 rats
  2 butterflies (Lair:4)
582 creatures vanquished.

Vanquished Creatures (others)
  39 fungi
  38 plants
77 creatures vanquished.

Grand Total: 659 creatures vanquished

Notes
Turn   | Place    | Note
-------+----------+-------------------------------------------
     0 | D:1      | MisterFreud the Felid Berserker began the quest for the
                  | Orb.
     0 | D:1      | Reached XP level 1. HP: 10/10 MP: 2/2
    95 | D:1      | Reached skill level 1 in Stealth
   367 | D:1      | Reached XP level 2. HP: 7/14 MP: 3/3
  1252 | D:1      | Reached XP level 3. HP: 10/17 MP: 4/4
  2535 | D:2      | Reached skill level 4 in Unarmed Combat
  2578 | D:2      | Reached XP level 4. HP: 21/21 MP: 5/5
  2625 | D:2      | Reached ** piety under Trog
  3143 | D:3      | Found Deiwyxe's Weapon Shop.
  3321 | D:3      | Noticed Grinder
  3330 | D:3      | Paralysed by Grinder for 4 turns
  3333 | D:3      | HP: 1/31 [Grinder (1)]
  3339 | D:3      | Paralysed by Grinder for 2 turns
  3584 | D:4      | Found an iron altar of Okawaru.
  3670 | D:4      | Reached XP level 5. HP: 15/24 MP: 6/6
  3682 | D:4      | Found a sand-covered staircase.
  3687 | Ossuary  | Entered an ossuary
  3828 | Ossuary  | Reached skill level 5 in Stealth
  3946 | Ossuary  | Reached skill level 5 in Unarmed Combat
  4026 | Ossuary  | Gained mutation: You are covered in thick fur. (AC +2)
                  | [Felid growth]
  4026 | Ossuary  | Reached XP level 6. HP: 17/28 MP: 7/7
  4259 | Ossuary  | Reached skill level 6 in Unarmed Combat
  4298 | Ossuary  | Reached skill level 5 in Dodging
  4300 | Ossuary  | Reached XP level 7. HP: 25/31 MP: 8/8
  5346 | D:4      | Reached XP level 8. HP: 34/34 MP: 9/9
  5766 | D:5      | Entered Level 5 of the Dungeon
  5934 | D:5      | Reached *** piety under Trog
  5935 | D:5      | Reached skill level 10 in Dodging
  5969 | D:5      | Reached skill level 1 in Evocations
  6042 | D:5      | Found a shadowy altar of Dithmenos.
  6042 | D:5      | Noticed Menkaure
  6048 | D:5      | HP: 1/51 [Menkaure/nerve-wracking pain (14)]
  6064 | D:5      | Killed Menkaure
  6281 | D:5      | Found a runed translucent gate.
  6281 | D:5      | Found a runed translucent gate.
  6281 | D:5      | Noticed CoolPlay's ghost (novice MeEE)
  6282 | D:5      | Found a runed translucent gate.
  6282 | D:5      | Noticed bworf's ghost (amateur MiHu)
  6283 | D:5      | Noticed raistware's ghost (novice HuEE)
  6283 | D:5      | Noticed Badistic's ghost (novice DsNe)
  6698 | D:6      | Reached skill level 5 in Fighting
  6975 | D:6      | Reached XP level 9. HP: 25/41 MP: 10/10
  8285 | D:7      | Reached **** piety under Trog
  8445 | D:7      | Reached skill level 7 in Unarmed Combat
  8992 | D:7      | Found a basalt altar of Yredelemnul.
  9095 | D:7      | Found a staircase to the Ecumenical Temple.
  9177 | D:8      | Noticed a two-headed ogre
  9193 | D:8      | Killed a two-headed ogre
  9197 | D:8      | Reached XP level 10. HP: 38/45 MP: 11/11
  9325 | D:8      | Found a transporter.
  9326 | D:8      | Found a one-way gate to the infinite horrors of the Abyss.
  9326 | D:8      | Noticed mtoz's ghost (novice GrEE)
  9434 | D:8      | Found a transporter.
  9460 | D:8      | Found Fuaxt's Magic Scroll Shop.
  9463 | D:8      | Found a staircase to the Lair.
  9464 | D:8      | Bought a scroll of teleportation for 42 gold pieces
  9464 | D:8      | Bought a scroll of teleportation for 42 gold pieces
  9464 | D:8      | Bought a scroll of fog for 56 gold pieces
  9469 | D:8      | Noticed a thrashing horror
  9703 | D:8      | Reached skill level 8 in Unarmed Combat
  9952 | D:9      | Reached skill level 10 in Stealth
 10256 | D:9      | Found a staircase to the Orcish Mines.
 10337 | D:9      | You are sucked into a shaft and drop 2 floors!
 10526 | D:11     | You are sucked into a shaft and drop 1 floor!
 10596 | D:12     | Reached skill level 9 in Unarmed Combat
 10601 | D:12     | Noticed a skeletal warrior
 10603 | D:12     | Noticed a skeletal warrior
 10605 | D:12     | Noticed a skeletal warrior
 10682 | D:11     | Noticed a gargoyle
 10689 | D:11     | Killed a gargoyle
 10792 | D:10     | Entered Level 10 of the Dungeon
 10911 | D:10     | Noticed an orange demon
 10911 | D:10     | Noticed Amaemon
 10953 | D:9      | Noticed a two-headed ogre
 10969 | D:9      | Killed a two-headed ogre
 11019 | D:9      | Found Buelyas's Weapon Emporium.
 11057 | D:9      | Reached skill level 10 in Unarmed Combat
 11300 | D:9      | Reached XP level 11. HP: 48/48 MP: 12/12
 11406 | D:9      | Reached skill level 5 in Evocations
 11457 | D:9      | Found Iphanob's Fire Supplies.
 11919 | D:10     | Paralysed by a hornet for 1 turns
 12209 | D:10     | Killed Amaemon
 12713 | Lair:1   | Entered Level 1 of the Lair of Beasts
 12714 | Lair:1   | Noticed Urug
 12984 | Lair:1   | Killed Urug
 13586 | D:8      | HP: 2/48 [yak (15)]
 14210 | Lair:1   | Reached skill level 10 in Evocations
 14253 | Lair:1   | Noticed an eight-headed hydra
 14261 | Lair:1   | Killed an eight-headed hydra
 14329 | Lair:1   | Noticed a boulder beetle
 14821 | Lair:1   | Noticed Harold
 14859 | Lair:1   | Killed Harold
 15017 | Lair:1   | Killed a boulder beetle
 15018 | Lair:1   | Gained mutation: Your thick and shaggy fur keeps you warm.
                  | (AC +3, rC+) [Felid growth]
 15018 | Lair:1   | Reached XP level 12. HP: 36/56 MP: 13/13
 16283 | Lair:2   | Found a staircase to the Snake Pit.
 16293 | Lair:2   | Reached skill level 10 in Fighting
 17385 | Lair:2   | HP: 3/87 [poisoned by a black mamba]
 17387 | Lair:2   | HP: 1/87 [poisoned by a black mamba]
 17388 | Lair:2   | Succumbed to a black mamba's poison
 17389 | Lair:2   | Reached XP level 11. HP: 0/81 MP: 12/12
 17565 | Lair:3   | Reached skill level 15 in Dodging
 17582 | Lair:3   | Reached skill level 11 in Unarmed Combat
 18373 | Lair:2   | Reached XP level 12. HP: 21/58 MP: 13/13
 18950 | Lair:2   | Slain by a komodo dragon
 18951 | Lair:2   | Reached XP level 11. HP: 0/81 MP: 12/12
 19296 | Lair:2   | Reached skill level 12 in Unarmed Combat
 19857 | Lair:3   | Found a staircase to the Shoals.
 20662 | Lair:4   | Noticed an oklob plant
 20807 | Lair:4   | Identified the +1 pair of boots "Riled" {Str+4}
 20817 | Lair:4   | Found a staircase to the Slime Pits.
 20944 | Lair:4   | Noticed an eight-headed hydra
 20962 | Lair:4   | Killed an eight-headed hydra
 21106 | Lair:4   | Noticed a four-headed hydra
 21113 | Lair:4   | Killed a four-headed hydra
 21127 | Lair:4   | Reached XP level 12. HP: 37/58 MP: 13/13
 21551 | Lair:4   | Reached ***** piety under Trog
 21860 | Lair:5   | Entered Level 5 of the Lair of Beasts
 21893 | Lair:5   | Reached skill level 13 in Unarmed Combat
 21946 | Lair:5   | Noticed a death yak
 21946 | Lair:5   | Noticed a death yak
 21947 | Lair:5   | Noticed a death yak
 21950 | Lair:5   | Noticed a death yak
 21950 | Lair:5   | Noticed a death yak
 21951 | Lair:5   | Noticed a death yak
 21965 | Lair:5   | Killed a death yak
 21975 | Lair:5   | Killed a death yak
 23669 | Lair:4   | Killed a death yak
 23670 | Lair:4   | Reached skill level 14 in Unarmed Combat
 23812 | Lair:5   | Killed a death yak
 23833 | Lair:5   | Killed a death yak
 23840 | Lair:5   | Killed a death yak
 24147 | Lair:5   | Reached XP level 13. HP: 50/61 MP: 14/14
 24629 | Lair:5   | Found a large runed translucent door.
 24629 | Lair:5   | Found a large runed translucent door.
 24675 | Lair:5   | Reached skill level 15 in Unarmed Combat
 24675 | Lair:5   | HP: 3/61 [poisoned by a black mamba]
 24681 | Lair:5   | Slain by a molten gargoyle
 24682 | Lair:5   | Reached XP level 12. HP: -4/58 MP: 13/13
 24762 | Lair:5   | Noticed a fire dragon
 25100 | Lair:5   | Killed a fire dragon
 25494 | D:11     | Noticed Psyche
 25502 | D:11     | Killed Psyche
 26211 | D:11     | Identified the +7 dagger of Tidoc {elec, rElec Str+8 Int-3
                  | Stlth+}
 26517 | D:12     | Noticed a tengu warrior
 26647 | D:12     | Reached skill level 16 in Unarmed Combat
 26688 | D:12     | Killed a tengu warrior
 26812 | D:12     | Found a portal to a secret trove of treasure.
 27140 | D:13     | Found Dufuad's Changing Room.
 27144 | D:13     | Noticed a two-headed ogre
 27149 | D:13     | Noticed a two-headed ogre
 27154 | D:13     | Killed a two-headed ogre
 27158 | D:13     | Noticed a two-headed ogre
 27163 | D:13     | Killed a two-headed ogre
 27163 | D:13     | Noticed a two-headed ogre
 27164 | D:13     | Noticed an ogre mage
 27182 | D:12     | Killed a two-headed ogre
 27183 | D:12     | Reached XP level 13. HP: 6/61 MP: 14/14
 27858 | D:13     | Found Elytryub's Assorted Antiques.
 28285 | D:13     | Reached skill level 17 in Unarmed Combat
 28453 | D:13     | Found a gate to the Vaults.
 29839 | D:14     | Reached skill level 18 in Unarmed Combat
 30341 | D:14     | Noticed Jorgrun
 30351 | D:14     | Killed Jorgrun
 30357 | D:14     | Reached XP level 14. HP: 39/66 MP: 15/15
 30569 | D:14     | Identified the +4 leather armour of the Archfiend {rN++}
 30755 | D:15     | Entered Level 15 of the Dungeon
 30989 | D:15     | Reached skill level 19 in Unarmed Combat
 31053 | D:15     | HP: 3/66 [centaur warrior/arrow (11)]
 31057 | D:15     | Shot with an arrow by a centaur warrior
 31058 | D:15     | Reached XP level 13. HP: -4/61 MP: 14/14
 32441 | D:15     | Noticed Agnes
 32446 | D:15     | HP: 4/91 [poisoned by a green ugly thing]
 32447 | D:15     | HP: 1/91 [poisoned by a green ugly thing]
 32449 | D:15     | Succumbed to a green ugly thing's poison

Illustrated notes

Levels and vault maps discovered:
D:1:      dpeg_arrival_rooms_a, layout_loops_ring, minivault_14
D:2:      layout_loops_corners, serial_bayou_ford_a
D:3:      layout_rooms, serial_shops, shop_statue,
          hellmonk_ecumenical_altar_prayer_group, uniq_grinder
D:4:      layout_basic, okawaru_trees_2, nicolae_ossuary_entry_catacombs,
          nicolae_titane
D:5:      layout_basic, mainiacjoe_overflow_concentric_impassable,
          gammafunk_ghost_cemetery, uniq_menkaure
D:6:      layout_cave_pods, hangedman_abyss_or_decor_stabs
D:7:      layout_basic, nicolae_yredelemnul_corpse_copse,
          minmay_temple_entry_enclosed_plants
D:8:      layout_rooms, lair_entry_dummy, gammafunk_ghost_abyssal_escape,
          serial_shops, nicolae_shop_stone
D:9:      layout_rooms, hiddenorc2_lemuel, serial_shops,
          nicolae_take_the_stairs, nicolae_shop_fire_sale
          [nicolae_sub_dead_trees]
D:10:     layout_basic, amcnicky_mini_pool_medium, uniq_amaemon
D:11:     layout_grid_maze, uniq_psyche
D:12:     layout_irregular_city, enter_trove_1
D:13:     layout_irregular_city, grunt_vaults_entry_fortified, serial_shops,
          nicolae_shop_overgrown_old_shop, minmay_misc_feat_five,
          minmay_misc_feat_rows, nicolae_transmutations_shop,
          serial_park_tiny_1, minmay_microvault
D:14:     layout_roguey, uniq_jorgrun
D:15:     gammafunk_enter_depths_forms, layout_loops_ring,
          ebering_dispersal_statue_hall, uniq_agnes
Lair:1:   layout_chaotic_city, gauntlet_entry_generic,
          infiniplex_staircase_pool_2, uniq_urug, uniq_harold
Lair:2:   layout_regular_city, minmay_snake_entry_six_corridors
Lair:3:   layout_cave_pods, elwin_shoals_entry_stream, lemuel_fruit_fields
Lair:4:   layout_misc_corridors, slime_entry_1, minmay_hedge_maze,
          grunt_megastairs_3, lemuel_fruit_fields
Lair:5:   cheibrodos_lair_end_hotspot, layout_regular_city,
          portal_ice_cave_demonic_guard, chequers_serial_rivers_micro_b,
          chequers_serial_rivers_large_a, minivault_23

Skill      XL: |  1  2  3  4  5  6  7  8  9 10 11 12 13 14 |
---------------+-------------------------------------------+-----
Stealth        | 1 2 3 4 6 9 10 | 10.0
Unarmed Combat | 4 5 6 7 10 12 16 18 19 | 19.6
Dodging        | 6 9 10 11 14 17 18 | 18.0
Evocations     | 4 10 | 10.0
Fighting       | 6 8 10 | 10.0

Action                   |  1- 3 |  4- 6 |  7- 9 | 10-12 | 13-15 || total
-------------------------+-------+-------+-------+-------+-------++-------
Melee: Unarmed           |    84 |   123 |   381 |  1598 |   432 ||  2618
       Punch             |     1 |     7 |    10 |   129 |    54 ||   201
       Bite              |     6 |    18 |    50 |   220 |    69 ||   363
Invok: Berserk           |     3 |     3 |     6 |    26 |    11 ||    49
       Trog's Hand       |       |       |       |    11 |     2 ||    13
Evoke: Piece from Xom's  |       |       |       |     3 |       ||     3
       Wand              |       |       |       |     1 |     2 ||     3
  Use: Scroll            |     2 |     5 |    14 |    12 |     1 ||    34
       Potion            |       |     2 |     2 |     6 |     3 ||    13
 Stab: Sleeping          |     6 |     6 |    19 |    32 |    24 ||    87
       Distracted        |       |     1 |       |     6 |       ||     7
       Invisible         |       |       |       |       |     3 ||     3
Armor: Skin              |     1 |     8 |    35 |    75 |    41 ||   160
Dodge: Dodged            |    49 |    83 |   306 |  1308 |   386 ||  2132
Block: Other             |       |       |    57 |   271 |    88 ||   416
       Reflection        |       |       |       |     1 |    12 ||    13
